TOP OF THE 1ST |
West Palm Reds batting - Pitching for West Virginia Power : RHP Bobby Flynn
|
Pitching: RHP Bobby Flynn
|
|
Batting: RHB Lorenzo Guzmán
|
0-0: Ball 1-0: Called Strike 1-1: SINGLE (Groundball, 34)
|
Batting: RHB Juan Vareas
|
0-0: Ball 1-0: Foul Ball, location: 2F 1-1: Ball 2-1: Ball 3-1: Foul Ball, location: 2F 3-2: Fly out, F9 (Flyball, 89M)
|
Batting: LHB Enrique Cortéz
|
0-0: Ball 1-0: Fielders Choice at 2nd, 4-6 (Groundball, 34)
|
Batting: SHB Todd Smith
|
0-0: Ball 1-0: Called Strike 1-1: Swinging Strike 1-2: Strikes out looking
|
Top of the 1st over - 0 run(s), 1 hit(s), 0 error(s), 1 left on base; West Palm 0 - West Virginia 0 |
BOTTOM OF THE 1ST |
West Virginia Power batting - Pitching for West Palm Reds : RHP Manabu Mizuno
|
Pitching: RHP Manabu Mizuno
|
|
Batting: LHB Ernie Jackson
|
0-0: Ball 1-0: Ball 2-0: Ball 3-0: SINGLE (Line Drive, 3D)
|
Batting: RHB Eric Johnson
|
0-0: Ball 1-0: Ball 2-0: Foul Ball, location: 2F 2-1: Foul Ball, location: 2F 2-2: Fly out, F5 (Popup, 15S)
|
Batting: RHB Vicente Torres
|
0-0: Ball 1-0: Called Strike 1-1: Fly out, F7 (Popup, 56D)
|
Batting: RHB Cristián Herrera
|
0-0: Ball 1-0: Ball 2-0: Foul Ball, location: 2F 2-1: Ball 3-1: Foul Ball, location: 2F 3-2: Ground out 5-3 (Groundball, 56)
|
Bottom of the 1st over - 0 run(s), 1 hit(s), 0 error(s), 1 left on base; West Palm 0 - West Virginia 0 |
TOP OF THE 2ND |
West Palm Reds batting - Pitching for West Virginia Power : RHP Bobby Flynn
|
Batting: LHB Jeff Doss
|
0-0: Called Strike 0-1: Swinging Strike 0-2: Foul Ball, location: 2F 0-2: Strikes out swinging
|
Batting: LHB Bill Smith
|
0-0: Ball 1-0: Ball 2-0: Called Strike 2-1: Ground out U3 (Groundball, 3S)
|
Batting: RHB Félix García
|
0-0: Ball 1-0: Ball 2-0: Called Strike 2-1: Swinging Strike 2-2: Foul Ball, location: 2F 2-2: Ball 3-2: Base on Balls
|
Batting: LHB Bob Martin
|
0-0: Called Strike 0-1: Swinging Strike 0-2: SINGLE (Flyball, 7S) Félix García to second
|
Batting: SHB Alex Hayes
|
0-0: Fly out, F7 (Flyball, 8LM)
|
Top of the 2nd over - 0 run(s), 1 hit(s), 0 error(s), 2 left on base; West Palm 0 - West Virginia 0 |
BOTTOM OF THE 2ND |
West Virginia Power batting - Pitching for West Palm Reds : RHP Manabu Mizuno
|
Batting: RHB Rubén Ayala
|
0-0: Ball 1-0: Ground out 6-3 (Groundball, 6M)
|
Batting: RHB Raúl Torres
|
0-0: Called Strike 0-1: Fly out, F8 (Flyball, 89M)
|
Batting: RHB Wilson Gonzáles
|
0-0: Ball 1-0: Called Strike 1-1: Foul Ball, location: 2F 1-2: Foul Ball, location: 2F 1-2: Foul Ball, location: 2F 1-2: Ball 2-2: SOLO HOME RUN (Flyball, 7LD), Distance : 346 ft
|
Batting: LHB Luis Pérez
|
0-0: Called Strike 0-1: Foul Ball, location: 2F 0-2: Fly out, F6 (Popup, 6D)
|
Bottom of the 2nd over - 1 run(s), 1 hit(s), 0 error(s), 0 left on base; West Palm 0 - West Virginia 1 |
TOP OF THE 3RD |
West Palm Reds batting - Pitching for West Virginia Power : RHP Bobby Flynn
|
Batting: RHB Lorenzo Guzmán
|
0-0: Ball 1-0: Foul Ball, location: 2F 1-1: SINGLE (Groundball, 6MD)
|
Batting: RHB Juan Vareas
|
0-0: Called Strike 0-1: Ball 1-1: Fly out, F8 (Line Drive, 8RXD)
|
Batting: LHB Enrique Cortéz
|
0-0: Called Strike Lorenzo Guzmán steals 2nd base 0-1: Ground out 1-3 (Groundball, 13S) Lorenzo Guzmán to third
|
Batting: SHB Todd Smith
|
0-0: Ball 1-0: SINGLE (Flyball, 7S) Lorenzo Guzmán scores
|
Batting: LHB Jeff Doss
|
0-0: Ball 1-0: Ball 2-0: Ball 3-0: Base on Balls Todd Smith to second
|
Batting: LHB Bill Smith
|
0-0: Called Strike 0-1: Swinging Strike 0-2: Ball 1-2: Ball 2-2: Ball 3-2: Foul Ball, location: 2F 3-2: SINGLE (Line Drive, 8RS) Todd Smith to third Jeff Doss to second Todd Smith scores Jeff Doss to third
|
Batting: RHB Félix García
|
0-0: Ball 1-0: Ball 2-0: Ball 3-0: Base on Balls Bill Smith to second
|
Batting: LHB Bob Martin
|
0-0: Ball 1-0: Fly out, F7 (Flyball, 7D)
|
Top of the 3rd over - 2 run(s), 3 hit(s), 0 error(s), 3 left on base; West Palm 2 - West Virginia 1 |
BOTTOM OF THE 3RD |
West Virginia Power batting - Pitching for West Palm Reds : RHP Manabu Mizuno
|
Batting: RHB Jorge Ramírez
|
0-0: Ground out 4-3 (Groundball, 4)
|
Batting: LHB Ernie Jackson
|
0-0: Ball 1-0: Fly out, F9 (Flyball, 89S)
|
Batting: RHB Eric Johnson
|
0-0: Ball 1-0: Called Strike 1-1: Fly out, F8 (Flyball, 8LM)
|
Bottom of the 3rd over - 0 run(s), 0 hit(s), 0 error(s), 0 left on base; West Palm 2 - West Virginia 1 |
TOP OF THE 4TH |
West Palm Reds batting - Pitching for West Virginia Power : RHP Bobby Flynn
|
Batting: SHB Alex Hayes
|
0-0: Swinging Strike 0-1: Fly out, F8 (Line Drive, 8LD)
|
Batting: RHB Lorenzo Guzmán
|
0-0: Ball 1-0: Foul Ball, location: 2F 1-1: Called Strike 1-2: Fly out, F8 (Flyball, 8RS)
|
Batting: RHB Juan Vareas
|
0-0: Foul Ball, location: 2F 0-1: Foul Ball, location: 2F 0-2: Strikes out swinging
|
Top of the 4th over - 0 run(s), 0 hit(s), 0 error(s), 0 left on base; West Palm 2 - West Virginia 1 |
BOTTOM OF THE 4TH |
West Virginia Power batting - Pitching for West Palm Reds : RHP Manabu Mizuno
|
Batting: RHB Vicente Torres
|
0-0: Ball 1-0: Called Strike 1-1: Called Strike 1-2: Ball 2-2: Foul Ball, location: 2F 2-2: SINGLE (Line Drive, 78M)
|
Batting: RHB Cristián Herrera
|
0-0: Foul Ball, location: 2F 0-1: Ball 1-1: Swinging Strike 1-2: Strikes out swinging
|
Batting: RHB Rubén Ayala
|
0-0: Ball 1-0: Ball 2-0: Foul Ball, location: 2F 2-1: Ball 3-1: Swinging Strike 3-2: Strikes out swinging Vicente Torres is caught stealing 2nd base Batter strikes out.
|
Bottom of the 4th over - 0 run(s), 1 hit(s), 0 error(s), 0 left on base; West Palm 2 - West Virginia 1 |
TOP OF THE 5TH |
West Palm Reds batting - Pitching for West Virginia Power : RHP Bobby Flynn
|
Batting: LHB Enrique Cortéz
|
0-0: Ball 1-0: Foul Ball, location: 2F 1-1: SINGLE (Groundball, 3L)
|
Batting: SHB Todd Smith
|
0-0: Called Strike 0-1: SINGLE (Groundball, 6MD) Enrique Cortéz to second Runner from 2nd tries for 3rd, SAFE, throw made to third
|
Batting: LHB Jeff Doss
|
0-0: Called Strike 0-1: Called Strike 0-2: Ball 1-2: Strikes out looking
|
Batting: LHB Bill Smith
|
0-0: Called Strike 0-1: Ground out 5-3 (Groundball, 15S) Enrique Cortéz scores Todd Smith to second
|
Batting: RHB Félix García
|
0-0: Swinging Strike 0-1: Ball 1-1: Ball 2-1: Swinging Strike 2-2: Ball 3-2: Strikes out swinging
|
Top of the 5th over - 1 run(s), 2 hit(s), 0 error(s), 1 left on base; West Palm 3 - West Virginia 1 |
BOTTOM OF THE 5TH |
West Virginia Power batting - Pitching for West Palm Reds : RHP Manabu Mizuno
|
Batting: RHB Raúl Torres
|
Single, Error in OF, E8, batter to second base
|
Batting: RHB Wilson Gonzáles
|
0-0: Ball 1-0: Swinging Strike 1-1: Ball 2-1: Ball 3-1: Base on Balls
|
Batting: LHB Luis Pérez
|
0-0: Foul Ball, location: 2F 0-1: Called Strike 0-2: Ball 1-2: Strikes out swinging
|
Batting: RHB Jorge Ramírez
|
0-0: Swinging Strike 0-1: Ball 1-1: Ball 2-1: Called Strike 2-2: Foul Ball, location: 2F 2-2: Foul Ball, location: 2F 2-2: Strikes out looking
|
Batting: LHB Ernie Jackson
|
0-0: SINGLE (Groundball, 4M) Raúl Torres to third Wilson Gonzáles to second Runner from 3rd tries for Home, SAFE, no throw or cutoff
|
Batting: RHB Eric Johnson
|
0-0: Ball 1-0: Foul Ball, location: 2F 1-1: Fly out, F7 (Line Drive, 7S)
|
Bottom of the 5th over - 1 run(s), 2 hit(s), 1 error(s), 2 left on base; West Palm 3 - West Virginia 2 |
TOP OF THE 6TH |
West Palm Reds batting - Pitching for West Virginia Power : RHP Bobby Flynn
|
Batting: LHB Bob Martin
|
0-0: Fly out, F8 (Flyball, 8RXD)
|
Batting: SHB Alex Hayes
|
0-0: Ball 1-0: Ball 2-0: Foul Ball, location: 2F 2-1: Ball 3-1: Foul Ball, location: 2F 3-2: Foul Ball, location: 2F 3-2: DOUBLE (Line Drive, 8LM)
|
Batting: RHB Lorenzo Guzmán
|
0-0: Ball 1-0: Fly out, F9 (Flyball, 9D) Runner from 2nd tags up, SAFE at 3rd, no throw
|
Batting: RHB Juan Vareas
|
0-0: Called Strike 0-1: Fly out, F4 (Line Drive, 4M)
|
Top of the 6th over - 0 run(s), 1 hit(s), 0 error(s), 1 left on base; West Palm 3 - West Virginia 2 |
BOTTOM OF THE 6TH |
West Virginia Power batting - Pitching for West Palm Reds : RHP Manabu Mizuno
|
Batting: RHB Vicente Torres
|
0-0: Foul Ball, location: 2F 0-1: Ball 1-1: Foul Ball, location: 2F 1-2: Foul Ball, location: 2F 1-2: Strikes out swinging
|
Batting: RHB Cristián Herrera
|
0-0: Swinging Strike 0-1: Swinging Strike 0-2: Ball 1-2: Foul Ball, location: 2F 1-2: Strikes out swinging
|
Batting: RHB Rubén Ayala
|
0-0: Swinging Strike 0-1: Foul Ball, location: 2F 0-2: Strikes out looking
|
Bottom of the 6th over - 0 run(s), 0 hit(s), 0 error(s), 0 left on base; West Palm 3 - West Virginia 2 |
TOP OF THE 7TH |
West Palm Reds batting - Pitching for West Virginia Power : RHP Bobby Flynn
|
Batting: LHB Enrique Cortéz
|
0-0: Fly out, F6 (Flyball, 5D)
|
Batting: SHB Todd Smith
|
0-0: Called Strike 0-1: Ball 1-1: Called Strike 1-2: Foul Ball, location: 2F 1-2: Ball 2-2: Ground out 4-3 (Groundball, 4M)
|
Batting: LHB Jeff Doss
|
0-0: Called Strike 0-1: Ball 1-1: Ball 2-1: Ball 3-1: SINGLE (Groundball, 23) (infield hit)
|
Batting: LHB Bill Smith
|
0-0: Fly out, F9 (Flyball, 89M)
|
Top of the 7th over - 0 run(s), 1 hit(s), 0 error(s), 1 left on base; West Palm 3 - West Virginia 2 |
BOTTOM OF THE 7TH |
West Virginia Power batting - Pitching for West Palm Reds : RHP Manabu Mizuno
|
Pitching: LHP Francisco Nieto
|
|
Batting: RHB Raúl Torres
|
0-0: Foul Ball, location: 2F 0-1: Ball 1-1: Swinging Strike 1-2: Ball 2-2: Ball 3-2: Foul Ball, location: 2F 3-2: Base on Balls
|
Batting: RHB Wilson Gonzáles
|
0-0: Ball 1-0: Called Strike 1-1: DOUBLE (Groundball, 5L) Raúl Torres to third
|
Pinch Hitting: RHB Tyler Baker
|
0-0: Called Strike 0-1: Foul Ball, location: 2F 0-2: Foul Ball, location: 2F 0-2: Ball 1-2: Ball 2-2: Ball 3-2: Fly out, F9 (Flyball, 89M) Runner from 3rd tags up, SCORES, no throw
|
Batting: RHB Jorge Ramírez
|
0-0: Ball 1-0: Ball 2-0: Foul Ball, location: 2F 2-1: Ball 3-1: Base on Balls
|
Batting: LHB Ernie Jackson
|
0-0: Ball 1-0: Swinging Strike 1-1: Swinging Strike 1-2: Ball 2-2: Foul Ball, location: 2F 2-2: Strikes out swinging
|
Batting: RHB Eric Johnson
|
0-0: Ball 1-0: Fly out, F8 (Flyball, 8LM)
|
Bottom of the 7th over - 1 run(s), 1 hit(s), 0 error(s), 2 left on base; West Palm 3 - West Virginia 3 |
TOP OF THE 8TH |
West Palm Reds batting - Pitching for West Virginia Power : RHP Bobby Flynn
|
Now in CF: Jesús Ángel
|
|
Batting: RHB Félix García
|
0-0: Ball 1-0: Fly out, F8 (Flyball, 8RM)
|
Pinch Hitting: LHB Jeff McKinney
|
0-0: Called Strike 0-1: Foul Ball, location: 2F 0-2: Strikes out swinging
|
Batting: SHB Alex Hayes
|
0-0: Called Strike 0-1: Ball 1-1: Called Strike 1-2: Foul Ball, location: 2F 1-2: SINGLE (Flyball, 4MD)
|
Pitching: RHP Howard Baker
|
|
Batting: RHB Lorenzo Guzmán
|
0-0: Ball 1-0: Ball 2-0: Called Strike 2-1: Foul Ball, location: 2F 2-2: Ball 3-2: Foul Ball, location: 2F 3-2: SINGLE (Groundball, 4MD) Alex Hayes to second Alex Hayes to third
|
Batting: RHB Juan Vareas
|
0-0: Foul Ball, location: 2F 0-1: Ball 1-1: Ball 2-1: SINGLE (Groundball, 25) (infield hit) Alex Hayes scores Lorenzo Guzmán to second
|
Pitching: RHP Juan Herrera
|
|
Batting: LHB Enrique Cortéz
|
0-0: Ball 1-0: Ground out 1-3 (Groundball, 23)
|
Top of the 8th over - 1 run(s), 3 hit(s), 0 error(s), 2 left on base; West Palm 4 - West Virginia 3 |
BOTTOM OF THE 8TH |
West Virginia Power batting - Pitching for West Palm Reds : LHP Francisco Nieto
|
Pitching: RHP Butch Ramey
|
|
Now at 3B: Ánibal Martínez
|
|
Batting: RHB Vicente Torres
|
0-0: Foul Ball, location: 2F 0-1: Foul Ball, location: 2F 0-2: Ground out 6-3 (Groundball, 56)
|
Batting: RHB Cristián Herrera
|
0-0: Swinging Strike 0-1: Foul Ball, location: 2F 0-2: Ball 1-2: Ball 2-2: Ball 3-2: Foul Ball, location: 2F 3-2: SINGLE (Groundball, 4M)
|
Batting: RHB Rubén Ayala
|
0-0: Ball 1-0: Ball 2-0: Foul Ball, location: 2F 2-1: Ball 3-1: Swinging Strike 3-2: Foul Ball, location: 2F 3-2: Foul Ball, location: 2F 3-2: Grounds into double play, U4-3 (Groundball, 4M)
|
Bottom of the 8th over - 0 run(s), 1 hit(s), 0 error(s), 0 left on base; West Palm 4 - West Virginia 3 |
TOP OF THE 9TH |
West Palm Reds batting - Pitching for West Virginia Power : RHP Juan Herrera
|
Pitching: RHP Cory Lowe
|
|
Batting: SHB Todd Smith
|
0-0: Ball 1-0: Ball 2-0: Called Strike 2-1: Ball 3-1: Base on Balls
|
Pitching: RHP Enrique Rúbio
|
|
Batting: LHB Jeff Doss
|
0-0: Ball Passed Ball! Todd Smith to second 1-0: Ball 2-0: Ball 3-0: Base on Balls
|
Batting: LHB Bill Smith
|
0-0: Ball 1-0: Sac Bunt - play at first, batter OUT! 5-4 Todd Smith to third Jeff Doss to second
|
Pinch Hitting: LHB Raúl Cordero
|
0-0: Intentional Walk
|
Pinch Hitting: RHB Juan López
|
0-0: Ball 1-0: Foul Ball, location: 2F 1-1: Ball 2-1: Ball 3-1: DOUBLE (Flyball, 7D) Todd Smith scores Jeff Doss scores Raúl Cordero to third
|
Batting: SHB Alex Hayes
|
0-0: Ball 1-0: Ball 2-0: Foul Ball, location: 2F 2-1: Called Strike 2-2: Foul Ball, location: 2F 2-2: Ground out 6-3 (Groundball, 6)
|
Batting: RHB Lorenzo Guzmán
|
0-0: Ball 1-0: Ball 2-0: Called Strike 2-1: Called Strike 2-2: Foul Ball, location: 2F 2-2: Strikes out looking
|
Top of the 9th over - 2 run(s), 1 hit(s), 0 error(s), 2 left on base; West Palm 6 - West Virginia 3 |
BOTTOM OF THE 9TH |
West Virginia Power batting - Pitching for West Palm Reds : RHP Butch Ramey
|
Pitching: LHP Juan Ortíz
|
|
Now at 2B: Jack Ray
|
|
Now at 3B: Francis Shaffer
|
|
Now in CF: Jermaine Carter
|
|
Batting: RHB Raúl Torres
|
0-0: SINGLE (Line Drive, 4MD)
|
Batting: RHB Wilson Gonzáles
|
0-0: Foul Ball, location: 2F 0-1: Ball 1-1: Grounds into double play, 6-4-3 (Groundball, 6)
|
Batting: LHB Jesús Ángel
|
0-0: Ball 1-0: Ground out 6-3 (Groundball, 6M)
|
Bottom of the 9th over - 0 run(s), 1 hit(s), 0 error(s), 0 left on base; West Palm 6 - West Virginia 3 |
|